[Event "*** SCC Grand Prix: Titled Tuesday Blitz"]
[Site "Chess.com"]
[Date "2020.06.23"]
[Round "3"]
[White "renehp"]
[Black "Chernobay_Artem"]
[Result "0-1"]
[WhiteElo "2399"]
[BlackElo "2608"]
[TimeControl "180+1"]
[EndTime "10:29:54 PDT"]
[Termination "Chernobay_Artem won on time"]

1. e4 Nf6 2. e5 Nd5 3. d4 d6 4.
Nf3 dxe5 5. Nxe5 c6 6. Be2 Bf5 7. c4 Nf6 8. Nc3 Nbd7 9. Nf3 e6 10. Bf4 h6 11. O-O Be7 12. Re1 O-O 13. h3 a6 14. Bf1 b5 15. b3 Bb4 16. Rc1 Ba3 17.
Qd2 Bxc1 18. Qxc1 Re8 19. g4 Bh7 20.
Bg2 Rc8 21. g5 hxg5 22. Bxg5 bxc4 23. bxc4 Qa5 24. Ne5 Nxe5 25. Rxe5 Qb4 26. Bxf6 gxf6 27. Rh5 Bg6 28. Qh6 Bxh5 29. Ne4 Qe1+ 30. Kh2 Qxe4 31. Bxe4 f5 32. Qxh5 fxe4 33. Qg5+ Kf8 34. h4 Rc7 35. h5 f5 36. h6 Ree7 37. Qf6+ Ke8 38. Kg3 Kd7 39.
Kf4 Kc8 40. Ke5 Kb7 41. Qh4 Rcd7 42. Qh3 Rf7 43. c5 Ka7 44. Kxe6 f4 45. Qb3 Rb7 46. Qc3 e3 47. fxe3 fxe3 48. d5 e2 49. Qe1 Rbe7+ 50. Kd6 cxd5 51. c6 d4 0-1

[Event "*** SCC Grand Prix: Titled Tuesday Blitz"]
[Site "Chess.com"]
[Date "2020.06.23"]
[Round "3"]
[White "Paladin61"]
[Black "WPWPWP-2015"]
[Result "1-0"]
[WhiteElo "2543"]
[BlackElo "2347"]
[TimeControl "180+1"]
[EndTime "10:29:55 PDT"]
[Termination "Paladin61 won by checkmate"]

1. b3 e5 2. Bb2 Nc6 3. e3 Nf6 4. Bb5 Bd6 5. Na3 Na5 6. Be2 c5 7. c4 O-O 8. d3 Re8 9. Bf3 Nc6 10.
Ne2 Bc7 11. Nc3 a6 12. O-O d6 13. Nc2 Ne7 14. d4 cxd4 15. exd4 Ng6 16. dxe5 dxe5 17. Qxd8 Rxd8 18. Rad1 Bg4 19. Bxg4 Nxg4 20. Nd5 Bd6 21. h3 Nh6 22. Nce3 f6 23. b4 Bf8 24. c5 a5 25. Nb6 axb4 26. Nxa8 Rxa8 27. Rd7 Bxc5 28. Rxb7 Rxa2 29. Nc4 Nf5 30. Rd1 Ra8 31. Rdd7 Bf8 32.
g3 h5 33. h4 Rc8 34. Rbc7 Rb8 35. Kf1 Re8 36. Ke2 Ra8 37. Ra7 Rc8 38. Rdc7 Rd8 39. Rd7 Re8 40. Nb6 Nd6 41. Nd5 Ne4 42.
Kf3 Nc5 43. Rdc7 Ne6 44. Rc6 Nd8 45. Rc8 e4+ 46. Ke2 f5 47. Bf6 gxf6 48. Nxf6+ Kh8 49. Rh7# 1-0

[Event "*** SCC Grand Prix: Titled Tuesday Blitz"]
[Site "Chess.com"]
[Date "2020.06.23"]
[Round "3"]
[White "IMHansNiemann"]
[Black "DenLaz"]
[Result "1-0"]
[WhiteElo "2982"]
[BlackElo "2702"]
[TimeControl "180+1"]
[EndTime "10:29:56 PDT"]
[Termination "IMHansNiemann won by resignation"]

1. d4 d5 2. c4 c6 3. Nf3 Nf6 4. e3 Bf5 5. Nc3 e6 6. Nh4 Be4 7. f3 Bg6 8. Qb3 Qc7 9. Bd2 Be7 10. cxd5 cxd5 11. O-O-O Nc6 12. Nxg6 hxg6 13. Kb1 O-O 14. Rc1 Rfc8 15. g4 Na5 16. Qd1 Nc4 17. Bxc4 dxc4 18. e4 b5 19. e5 Nd5 20. Nxd5 exd5 21. f4 Qb6 22. Be3 b4 23. Qf3 b3 24. Qxd5 bxa2+ 25. Ka1 Rab8 26. Rc2 c3 27. b3 Ba3 28. Bc1 Rd8 29.
Qc4 Rxd4 30. Qxc3 Bb4 31. Qe3 Rbd8 32. f5 Qb7 33. Rf1 Rd3 34. Qf4 Rxb3 35. Bb2 Ba3 36. Qf2 Bxb2+ 37. Rxb2 Rxb2 38. Qxb2 Qa6 39. Re1 Qa5 40. Qc1 Re8 41. e6 fxe6 42. fxe6 Qd5 43. e7 Qd6 44. Qc4+ Kh7 45. Qe4 Qf6+ 46. Kxa2 Qf2+ 47.
Re2 Qc5 48. h4 Qa5+ 49. Kb1 Qb5+ 50. Kc1 Rc8+ 51. Kd1 Qd7+ 52. Ke1 Re8 53. h5 Rxe7 54. Qxe7 Qxg4 55. hxg6+ Qxg6 56. Qe4 Qxe4 57. Rxe4 Kg6 58. Ra4 Kf5 59. Rxa7 g5 60. Ke2 Kg4 61. Kf2 Kh5 62. Kg2 Kh4 63. Ra4+ g4 64. Rb4 Kg5 65. Kg3 Kf5 66.
Rxg4 Ke5 67. Rf4 Kd5 68. Kf3 Kc5 69. Ke3 Kb5 70. Rd4 Kb6 71. Kd3 Kc6 72. Kc4 1-0

[Event "*** SCC Grand Prix: Titled Tuesday Blitz"]
[Site "Chess.com"]
[Date "2020.06.23"]
[Round "3"]
[White "Azatic"]
[Black "chessablanca"]
[Result "1-0"]
[WhiteElo "2564"]
[BlackElo "2379"]
[TimeControl "180+1"]
[EndTime "10:29:56 PDT"]
[Termination "Azatic won by resignation"]

1. e4 e5 2. Nf3 Nc6 3. Bb5 a6 4. Ba4 Nf6 5. O-O Be7 6. Re1 b5 7. Bb3 O-O 8. d4 d6 9. c3 Bg4 10. Be3 exd4 11. cxd4 d5 12. e5 Ne4 13. Nc3 Nxc3 14. bxc3 f6 15. h3 Bh5 16. e6 Na5 17. Bc2 Bd6 18. g4 Bg6 19. Bxg6 hxg6 20. Qd3 f5 21. Bg5 Be7 22. Bxe7 Qxe7 23. g5 Nc4 24. h4 Rae8 25. Re2 Qd6 26. Rae1 Re7 27. Ne5 Rxe6 28.
Nxc4 Rxe2 29. Qxe2 dxc4 30. Qe6+ Qxe6 31. Rxe6 Ra8 32.
Rxg6 Kf7 33. Rc6 Ra7 34. h5 a5 35. Rc5 Rb7 36. Kg2 Ke6 37. Kg3 a4 38. a3 Kd6 39.
Kf4 c6 40. Rxf5 Re7 41. Re5 Rf7+ 42. Ke3 Rd7 43. f4 Rf7 44. h6 gxh6 45. gxh6 Rf6 46. Rh5 Rf8 47. h7 Rh8 48. Ke4 Ke6 49.
Rh6+ Kf7 50. Ke5 Kg7 51. Rh3 Kf7 52. Kd6 Kg6 53. Kxc6 Kf5 54. Kxb5 Kg4 55. Rh1 Kxf4 56. Kxc4 Ke4 57. Rh3 Rc8+ 58. Kb4 Rh8 59. Kxa4 Kd5 60.
Kb5 Rb8+ 61. Ka4 Kc4 62. h8=Q Rb7 63. Qc8+ 1-0

[Event "*** SCC Grand Prix: Titled Tuesday Blitz"]
[Site "Chess.com"]
[Date "2020.06.23"]
[Round "3"]
[White "mmmflatbread"]
[Black "Barmen_EV"]
[Result "0-1"]
[WhiteElo "2757"]
[BlackElo "2471"]
[TimeControl "180+1"]
[EndTime "10:29:57 PDT"]
[Termination "Barmen_EV won by checkmate"]

1. Nf3 d5 2. c4 d4 3. c5 Nc6 4.
Qa4 Bd7 5. Nxd4 e5 6. Nxc6 Bxc6 7. Qc4 Nf6 8. Nc3 Qd4 9. e3 Qxc5 10. Qxc5 Bxc5 11.
a3 a5 12. Be2 a4 13. O-O O-O-O 14. Bd1 b5 15. Be2 b4 16. axb4 Bxb4 17. Bd1 a3 18. bxa3 Bxc3 19. dxc3 Bb5 20. Re1 Bc4 21.
Bc2 Kb7 22. e4 Ka6 23. f3 Rb8 24. Be3 Rb2 25. Rec1 Nd7 26. Ba4 Nb6 27. Bxb6 cxb6 28. Rc2 Rxc2 29. Bxc2 Rc8 30. a4 Be6 31. Ra3 Rd8 32.
Bb3 Bxb3 33. Rxb3 Rd2 34. Rb4 f6 35. h4 h5 36. Kh2 Rc2 37. Rc4 Ka5 38. Rc7 Kxa4 39.
Rxg7 Rxc3 40. Ra7+ Kb3 41. Rb7 Rc6 42. Rh7 Kc3 43.
Rxh5 b5 44. Rh8 b4 45. Rb8 b3 46. Kh3 b2 47. Kg4 Rc4 48. Rxb2 Kxb2 49. h5 Kc3 50.
Kf5 Kd4 51. h6 Rc1 52. Kxf6 Rh1 53. Kg7 Ke3 54. h7 Kf2 55. g4 Kxf3 56. g5 Kxe4 57. g6 Kf5 58. Kf7 e4 59. Kg8 Kxg6 60. h8=Q Rxh8+ 61. Kxh8 e3 62. Kg8 e2 63. Kh8 e1=Q 64. Kg8 Qe8# 0-1

[Event "*** SCC Grand Prix: Titled Tuesday Blitz"]
[Site "Chess.com"]
[Date "2020.06.23"]
[Round "3"]
[White "1977Ivan"]
[Black "penguingm1"]
[Result "0-1"]
[WhiteElo "2669"]
[BlackElo "2911"]
[TimeControl "180+1"]
[EndTime "10:29:58 PDT"]
[Termination "penguingm1 won on time"]

1. d4 d5 2. c4 e6 3. Nc3 Be7 4. cxd5 exd5 5. Bf4 c6 6. e3 Bf5 7. Nge2 Nd7 8. Ng3 Bg6 9. Be2 Ngf6 10. h4 h6 11. h5 Bh7 12. Bd3 Bxd3 13. Qxd3 O-O 14.
Nf5 Re8 15. O-O-O b5 16. Kb1 Bf8 17. f3 b4 18. Na4 Qa5 19. b3 Nb6 20. Nc5 Bxc5 21.
dxc5 Nbd7 22. Qd4 Qxc5 23. Rc1 Qxd4 24. exd4 a5 25. Rxc6 a4 26. Ne3 axb3 27. axb3 Ra3 28. Kb2 Rea8 29. Nc2 Ra2+ 30. Kb1 Nf8 31. g4 Ne6 32.
Be5 Nd7 33. Rc1 Nxe5 34. dxe5 Ng5 35. Nd4 Ra1+ 36. Kc2 R8a2+ 37. Kd1 Rxc1+ 38. Kxc1 Rf2 39. Rc8+ Kh7 40. Rc7 Kg8 41. Rc8+ Kh7 42. Rc7 Rf1+ 43. Kb2 Ne6 44. Nxe6 fxe6 45. Re7 Rf2+ 46. Kc1 Rxf3 47. Rxe6 Rxb3 48. Rd6 Rg3 49. e6 Rxg4 50. Rxd5 Re4 51.
Rd6 Re5 52. Kb2 Rxh5 53. Rd8 Re5 54. Re8 Kg6 55. Kb3 Kf6 56. Kxb4 Rxe6 57. Rh8 Kg5 58.
Kc5 g6 59. Kd5 Re2 60. Kd4 h5 61. Rc8 h4 62. Kd3 Re7 63. Rc4 Kh5 0-1

[Event "*** SCC Grand Prix: Titled Tuesday Blitz"]
[Site "Chess.com"]
[Date "2020.06.23"]
[Round "3"]
[White "Muracle"]
[Black "jaskol95"]
[Result "1/2-1/2"]
[WhiteElo "2599"]
[BlackElo "2404"]
[TimeControl "180+1"]
[EndTime "10:30:01 PDT"]
[Termination "Game drawn by repetition"]

1. d4 Nf6 2. c4 g6 3. Nc3 d5 4.
cxd5 Nxd5 5. e4 Nxc3 6. bxc3 Bg7 7. Bc4 c5 8. Ne2 O-O 9. O-O Nc6 10. Be3 Bg4 11. f3 Bd7 12. Qd2 Qc7 13. Rac1 Rad8 14. Bh6 Na5 15. Bd3 c4 16. Bb1 b5 17. Bxg7 Kxg7 18.
Ng3 e5 19. f4 exd4 20. cxd4 Qb6 21. Kh1 Nc6 22. d5 Ne7 23. f5 f6 24. e5 Bxf5 25.
d6 fxe5 26. Qg5 Qxd6 27. Bxf5 Kh8 28. Bb1 Rxf1+ 29. Rxf1 Nd5 30. Ne4 Qc7 31. h3 Nf4 32. Qf6+ Kg8 33. Ng5 Rf8 34. Qxf8+ Kxf8 35. Ne6+ Ke7 36.
Nxc7 b4 37. Be4 Kd6 38. Ne8+ Kc5 39. Nf6 a5 40. Bf3 a4 41. Ne4+ Kd4 42. Rd1+ Nd3 43. Nd6 b3 44. axb3 axb3 45. Be2 Ke3 46. Bxd3 cxd3 47.
Nc4+ Ke2 48. Rb1 e4 49. Rxb3 e3 50. Nxe3 Kxe3 51. Kg1 Ke2 52. Rb8 d2 53. Re8+ Kd3 54. Rd8+ Ke2 55. Re8+ Kd3 56. Rd8+ Ke2 57. Re8+ 1/2-1/2

[Event "*** SCC Grand Prix: Titled Tuesday Blitz"]
[Site "Chess.com"]
[Date "2020.06.23"]
[Round "3"]
[White "SaqoChess_Twitch"]
[Black "grandcoach"]
[Result "1-0"]
[WhiteElo "2399"]
[BlackElo "2083"]
[TimeControl "180+1"]
[EndTime "10:30:01 PDT"]
[Termination "SaqoChess_Twitch won on time"]

1. d4 Nf6 2. c4 e6 3. Nc3 d5 4. Nf3 c5 5. cxd5 Nxd5 6. e4 Nxc3 7. bxc3 cxd4 8. cxd4 Nc6 9. Be2 Bb4+ 10. Bd2 Bxd2+ 11. Qxd2 O-O 12. O-O b6 13. Rfd1 Bb7 14. Rac1 Qd6 15.
e5 Qe7 16. Bd3 h6 17. Qf4 Nb4 18. Be4 Nxa2 19. Ra1 Bxe4 20. Rxa2 Bd5 21. Rb2 Rfc8 22. Nd2 Qg5 23. Qxg5 hxg5 24. f3 Rc6 25. Kf2 a5 26. Rdb1 a4 27. Rxb6 Rxb6 28. Rxb6 a3 29. Rb1 a2 30.
Ra1 Rb8 31. Ke3 Rb2 32. Kd3 Kh7 33. Kc3 Rb7 34. h3 Kg6 35. Kd3 Kf5 36. Ke3 Rb2 37.
g3 f6 38. f4 gxf4+ 39. gxf4 Rb8 40. h4 Rh8 41. Nf3 Ra8 42. Nd2 Ra3+ 43. Ke2 Kxf4 44. Rf1+ Kg4 45. exf6 gxf6 46. Rg1+ Kxh4 47. Ra1 Kg5 48.
Rg1+ Kf4 49. Ra1 Re3+ 50. Kf2 Rc3 51. Rf1 Rc2 52. Ke2+ Kg5 53. Kd3 Rxd2+ 54. Kxd2 Be4 55. Kc3 Bb1 56. Kb2 f5 57. Re1 Kf6 58. Re2 Ke7 59.
d5 1-0

[Event "*** SCC Grand Prix: Titled Tuesday Blitz"]
[Site "Chess.com"]
[Date "2020.06.23"]
[Round "3"]
[White "aNaartjieZA"]
[Black "Kislov_Oleg"]
[Result "1-0"]
[WhiteElo "2574"]
[BlackElo "2387"]
[TimeControl "180+1"]
[EndTime "10:30:02 PDT"]
[Termination "aNaartjieZA won on time"]

1. e4 e6 2. d3 d5 3. Nd2 Nf6 4. Ngf3 Nc6 5. c3 dxe4 6. dxe4 e5 7. Bc4 Bc5 8. O-O a5 9. a4 O-O 10. Qe2 Qe7 11. h3 Be6 12. Re1 Nd7 13. Bxe6 Qxe6 14. Nh4 Nb6 15. Nf5 g6 16. Ng3 Rad8 17. Nf3 Qc4 18. Qxc4 Nxc4 19. b3 Nb6 20. Bh6 Rfe8 21. Red1 f6 22. Kf1 Kf7 23. h4 Ke6 24. Ke2 Ne7 25. Be3 Bxe3 26. Kxe3 Nec8 27. h5 Nd6 28. hxg6 hxg6 29. Nh4 Kf7 30. Nf3 Rh8 31. c4 Nd7 32.
Rd5 b6 33. Rad1 Nc5 34. Rb1 Ke6 35. Rdd1 f5 36. exf5+ gxf5 37. Ke2 f4 38. Nf1 Nde4 39. Ke1 Nc3 40. Rxd8 Rxd8 41. Rc1 Nd3+ 42. Kd2 Nxc1+ 43. Kxc3 Ne2+ 44. Kb2 Nd4 45. Ne1 e4 46. Nd2 Ke5 47. f3 e3 48. Ne4 c5 49. Nd3+ Kf5 50. Ne1 Rh8 51. Nd6+ Ke6 52. Ne4 Rh1 53. Nd3 Kf5 54. g4+ fxg3 55. Nxg3+ Kg5 56. Nxh1 Nxf3 57. Ng3 Kg4 58.
Ne2 Nd4 59. Nxd4 cxd4 60. Kc2 Kf3 61. Kd1 Ke4 62. Ke2 Kf5 63. b4 1-0

[Event "*** SCC Grand Prix: Titled Tuesday Blitz"]
[Site "Chess.com"]
[Date "2020.06.23"]
[Round "3"]
[White "Belka1989"]
[Black "GMMatamoros"]
[Result "0-1"]
[WhiteElo "2350"]
[BlackElo "2547"]
[TimeControl "180+1"]
[EndTime "10:30:02 PDT"]
[Termination "GMMatamoros won on time"]

1. d4 Nf6 2. Nf3 c5 3. c3 Qc7 4. Bg5 Ne4 5. Be3 d5 6. Nbd2 Nf6 7. dxc5 Ng4 8. Bg5 Qxc5 9. e3 e6 10. Bd3 Nd7 11. O-O Be7 12. h3 Nge5 13. Bxe7 Qxe7 14. Nxe5 Nxe5 15. Bb5+ Bd7 16. Qa4 O-O 17. Bxd7 Nxd7 18.
Nf3 Nb6 19. Qb3 Rfc8 20. Rad1 Nc4 21. Nd2 Nd6 22. Nf3 b5 23. Nd4 Qb7 24. Qb4 Qb6 25.
a3 a5 26. Qb3 Rab8 27. Rfe1 g6 28. f3 Nc4 29. Rd3 b4 30. axb4 axb4 31. cxb4 Qxb4 32. Qxb4 Rxb4 33. b3 Nd6 34. Rd2 Rc3 35. Kf2 Nb5 36. Nxb5 Rxb5 37. Rb1 Rcxb3 38. Rxb3 Rxb3 39. h4 h6 40. Kg3 Kg7 41. Kf2 Kf6 42. Rc2 Rb6 43. Rc7 Rb4 44. Kg3 g5 45. hxg5+ hxg5 46. Kf2 Rb2+ 47.
Kg3 Re2 48. Rc3 Ke5 49. Ra3 f5 50. f4+ gxf4+ 51. exf4+ Kf6 52. Ra8 Re4 53. Kf3 Ke7 54. g3 Kd6 55. Ra6+ Kc5 56. Ra5+ Kb4 57. Ra6 d4 58.
Rd6 Kc3 59. Rc6+ Kd2 60. Ra6 d3 61. Ra2+ Kc3 62. Ra3+ Kc2 63. Ra2+ Kb3 64. Ra6 d2 65. Rd6 Kc2 66. Rc6+ Kd3 67. Rc7 d1=Q+ 0-1

[Event "*** SCC Grand Prix: Titled Tuesday Blitz"]
[Site "Chess.com"]
[Date "2020.06.23"]
[Round "3"]
[White "Unknown_IM"]
[Black "PredragNikac"]
[Result "0-1"]
[WhiteElo "2384"]
[BlackElo "2201"]
[TimeControl "180+1"]
[EndTime "10:30:03 PDT"]
[Termination "PredragNikac won by resignation"]

1. d4 e5 2. d5 Bc5 3. e4 Qh4 4. Qe2 Nf6 5. Nc3 d6 6. Nf3 Qh5 7. Be3 Nbd7 8. Nd2 Qg6 9. g3 a6 10. Bg2 h5 11. O-O h4 12. Bf3 b5 13. Nd1 Bb6 14. c3 Nc5 15. b4 Na4 16. Rc1 Bh3 17. Re1 hxg3 18. fxg3 Bg4 19. Bxb6 Nxb6 20. Ne3 Bxf3 21.
Qxf3 Qh6 22. Re2 Nc4 23. Ndxc4 bxc4 24. Rf1 Qh5 25. Nxc4 Qxf3 26. Rxf3 Kd7 27. Nb2 a5 28. b5 a4 29. c4 a3 30. Nd1 Ra4 31. Rc3 Rb4 32. Rxa3 Rxc4 33. Nf2 Rb8 34. Rb3 Ra4 35. Kg2 Rba8 36. Rbb2 Rb8 37. Rb3 Kc8 38. Kf3 Kb7 39. Reb2 Kb6 40. Rb4 Rba8 41. Rxa4 Rxa4 42. h4 g6 43. g4 Ra3+ 44. Kg2 Re3 45. Rb4 Re2 46. g5 Nh5 47. a4 Ra2 48. Rc4 Kb7 49. Kf3 Ra3+ 50. Ke2 Ng3+ 51. Kd2 Ra2+ 52. Ke3 Nf1+ 53. Kf3 Nd2+ 54. Ke3 Nxc4+ 55. Kd3 Rxf2 56. Kxc4 Rf4 57.
Kd3 Rxh4 58. Ke3 Rg4 59. Kf3 Rxg5 60. Kf2 Rh5 61. Kf3 Rh4 62. a5 Rh3+ 63. Kg4 Ra3 64. Kg5 Rxa5 65. Kf6 Rxb5 66. Kxf7 Rb4 67. Kxg6 Rxe4 68. Kf5 Rd4 69. Ke6 e4 70. Kf5 e3 0-1

[Event "*** SCC Grand Prix: Titled Tuesday Blitz"]
[Site "Chess.com"]
[Date "2020.06.23"]
[Round "3"]
[White "kleopl"]
[Black "GregShahade"]
[Result "1/2-1/2"]
[WhiteElo "2398"]
[BlackElo "2572"]
[TimeControl "180+1"]
[EndTime "10:30:04 PDT"]
[Termination "Game drawn by repetition"]

1. c4 Nf6 2. Nc3 g6 3. g3 d5 4.
cxd5 Nxd5 5. Bg2 Nb6 6. d4 Bg7 7. Nf3 Nc6 8. e3 O-O 9. O-O Re8 10. b3 e5 11. dxe5 Nxe5 12. Nxe5 Bxe5 13. Bb2 c6 14. Qxd8 Rxd8 15. Rad1 Bg4 16. f3 Be6 17. Kf2 a5 18. Ke2 Rxd1 19. Rxd1 a4 20. bxa4 Bc4+ 21. Kd2 Bxa2 22. Nxa2 Bxb2 23. Rb1 Rxa4 24. Rxb2 Nc4+ 25. Kc3 Nxb2 26. Kxb2 b5 27. Nc3 Ra7 28. f4 Rc7 29. Kb3 Re7 30. Bxc6 Rxe3 31. Bxb5 Rf3 32.
Kc4 Rf2 33. Kd4 Rxh2 34. Ke3 Rb2 35. Bc4 Rg2 36. Ne4 Kg7 37. Kf3 Rc2 38. Bd5 Rc8 39. Ng5 Rc7 40. Kg4 f5+ 41. Kf3 Rc3+ 42. Kf2 h6 43.
Nf3 Kf6 44. Ne5 Rc2+ 45. Kf3 Rc3+ 46. Kf2 Rc2+ 47. Kf3 g5 48. Bb7 Rc3+ 49. Kg2 gxf4 50. gxf4 Rb3 51. Bf3 Rb4 52. Kg3 Rb3 53. Nd7+ Ke7 54.
Nc5 Rc3 55. Na4 Ra3 56. Nb6 Kf6 57. Nd5+ Kg7 58. Ne7 Ra5 59. Be2 Kf6 60. Ng8+ Kg7 61. Ne7 Kf6 62. Nc6 Ra3+ 63. Bf3 Rc3 64. Ne5 Ra3 65.
Nc6 Rc3 66. Nd4 Ra3 67. Kg2 Ra2+ 68. Kg3 Ra3 69. Ne2 Rb3 70. Ng1 Ra3 71. Ne2 Ra2 72.
Nd4 Ra3 1/2-1/2

[Event "*** SCC Grand Prix: Titled Tuesday Blitz"]
[Site "Chess.com"]
[Date "2020.06.23"]
[Round "3"]
[White "juniortay"]
[Black "Abund"]
[Result "0-1"]
[WhiteElo "2403"]
[BlackElo "2613"]
[TimeControl "180+1"]
[EndTime "10:30:05 PDT"]
[Termination "Abund won by checkmate"]

1. e4 c5 2. Nf3 Nc6 3. b4 cxb4 4.
d4 d5 5. exd5 Qxd5 6. c4 bxc3 7.
Nxc3 Qa5 8. d5 Qxc3+ 9. Bd2 Qf6 10. dxc6 bxc6 11. Rc1 Bd7 12. Ba6 Qe6+ 13. Be2 Nf6 14. O-O g6 15. Bc4 Nd5 16. Re1 Qd6 17. Bc3 f6 18.
Qd4 Bg7 19. Qh4 O-O 20. Rcd1 e6 21. Bxd5 exd5 22. Bb4 c5 23. Ba3 Rfe8 24. h3 Rxe1+ 25. Rxe1 Re8 26. Rc1 Rc8 27. Ne1 Qb6 28. Qf4 c4 29.
Nf3 Be6 30. Nd4 Bf7 31. Re1 Qa6 32. Be7 Qa4 33. Qd6 Re8 34. Nc6 f5 35. Rb1 c3 36.
Rb8 c2 37. Rxe8+ Bxe8 38. Bg5 c1=Q+ 39. Bxc1 Qxc6 40. Qd8 Qd7 41. Qxe8+ Qxe8 42. Be3 Qe4 43. f3 Qd3 44. Kf2 d4 45. Bf4 Qc2+ 46. Kg3 d3 47.
h4 a6 48. h5 d2 49. hxg6 d1=Q 50. gxh7+ Kxh7 51. Kh4 Kg6 52. Kg3 Qg1 53. Be3 Qxe3 54.
Kh4 Qcf2+ 55. g3 Qh6# 0-1

[Event "*** SCC Grand Prix: Titled Tuesday Blitz"]
[Site "Chess.com"]
[Date "2020.06.23"]
[Round "3"]
[White "blitzking1729"]
[Black "eightbyeightchess"]
[Result "0-1"]
[WhiteElo "2572"]
[BlackElo "2407"]
[TimeControl "180+1"]
[EndTime "10:30:05 PDT"]
[Termination "eightbyeightchess won by resignation"]

1. c4 c6 2. d4 d5 3. Nf3 Nf6 4. Qc2 dxc4 5. Qxc4 Bf5 6. g3 Nbd7 7. Bg2 e6 8. O-O Be7 9. Qb3 Qb6 10. Nbd2 O-O 11.
Nc4 Qa6 12. a4 Nb6 13. Nxb6 axb6 14. Re1 Rfd8 15. Bg5 h6 16. Bxf6 Bxf6 17. e3 Bd3 18. Nd2 Be7 19. Bf1 Bxf1 20. Rxf1 b5 21. axb5 Qxa1 22. Rxa1 Rxa1+ 23. Kg2 c5 24. Nf3 cxd4 25. exd4 Bf6 26. Qc4 Rb1 27. b3 g6 28. h3 h5 29. g4 hxg4 30. hxg4 Ra1 31. g5 Bg7 32. Qc7 Raa8 33. b6 Rab8 34. Ne5 Bxe5 35. dxe5 Rdc8 36. Qd6 Rd8 37. Qe7 Rdc8 38. Qd6 Rd8 39. Qe7 Kg7 40. b4 Rd4 41. Qc7 Rbd8 42. Qxb7 Rxb4 43. Qe7 Rdd4 44. b7 Rb5 45. Qf6+ Kg8 46. Qe7 Rdb4 47. Qd8+ Kg7 48.
Qf6+ Kg8 49. Qd8+ Kh7 50. Qf6 Rxb7 51. Qf3 Rd7 52. Qf6 Rbd4 53. Qf3 Kg8 54. Qa8+ Rd8 55. Qf3 R4d7 56. Qf4 Rd5 57. Qf6 Rd4 58. Qf3 R8d5 59. Qf6 Re4 60. f4 Rd3 61. Kf2 Rc4 62. Qe7 Rc2+ 63. Ke1 Rdd2 64. Qd8+ Rxd8 0-1

[Event "*** SCC Grand Prix: Titled Tuesday Blitz"]
[Site "Chess.com"]
[Date "2020.06.23"]
[Round "3"]
[White "Shield12"]
[Black "Baby_Legs"]
[Result "1-0"]
[WhiteElo "2839"]
[BlackElo "2621"]
[TimeControl "180+1"]
[EndTime "10:30:06 PDT"]
[Termination "Shield12 won by resignation"]

1. e4 c6 2. Nf3 d5 3. d3 g6 4.
Nbd2 Bg7 5. g3 a5 6. a4 Nf6 7.
Bg2 O-O 8. O-O Na6 9. Re1 Nc5 10. e5 Ne8 11. d4 Ne6 12. Nb3 b6 13. h4 h5 14. Be3 N8c7 15. c3 Rb8 16. Nfd2 f5 17. exf6 exf6 18. Nc1 Ba6 19. Bf1 Bxf1 20. Kxf1 f5 21.
Nd3 c5 22. Nf3 Qd6 23. Bf4 Nxf4 24. Nxf4 Rfe8 25. Qd3 Re4 26. Ng5 cxd4 27. Nxe4 fxe4 28. Qd2 d3 29. Nxd3 exd3 30. Qxd3 Rf8 31. Rad1 Kh7 32. Re2 Rf5 33. Kg2 Ne6 34. b4 axb4 35. cxb4 Nd4 36. Re3 Qxb4 37. Qd2 Qxd2 38. Rxd2 Nc6 39. Re6 Na5 40.
Re7 Nc4 41. Rde2 Kg8 42. Rc7 Rf7 43. Re8+ Bf8 44. Rc6 Kg7 45. Ree6 Kh7 46. Rxg6 Ne5 47. Rgf6 Bc5 48. Rxf7+ Nxf7 49. a5 Ne5 50. Rc7+ Kg6 51. a6 Bd6 52. a7 Bxc7 53. a8=Q Nf7 54. Qxd5 Bd6 55. Qe6+ Kg7 56. f4 b5 57. f5 b4 58.
Qg6+ Kf8 59. Qxh5 b3 60. Qe2 Be5 61. Qb5 b2 62. Kf3 Nd6 63. Qxe5 Nc4 64. Qf6+ 1-0

[Event "*** SCC Grand Prix: Titled Tuesday Blitz"]
[Site "Chess.com"]
[Date "2020.06.23"]
[Round "3"]
[White "Grineva_Marianna"]
[Black "Shankovskyi"]
[Result "1-0"]
[WhiteElo "2200"]
[BlackElo "2463"]
[TimeControl "180+1"]
[EndTime "10:30:06 PDT"]
[Termination "Grineva_Marianna won by resignation"]

1. e4 e6 2. d4 d5 3. Nd2 c5 4. Ngf3 Nc6 5. c3 cxd4 6. cxd4 dxe4 7. Nxe4 Bb4+ 8. Nc3 Nf6 9. Bd3 h6 10. O-O O-O 11.
a3 Be7 12. Re1 Kh8 13. Bc2 b6 14. Qd3 Nb8 15. Ne5 Bb7 16. Qh3 Ng8 17. Be3 Nd7 18.
Rad1 Rc8 19. Ng4 Bg5 20. Be4 Bxe4 21. Nxe4 Bxe3 22. fxe3 Rc2 23. Ne5 Rxb2 24. Nd6 Nxe5 25. dxe5 Qg5 26. Rf1 f6 27. exf6 Nxf6 28. e4 Qe5 29.
Nc4 Qc5+ 30. Ne3 Rb3 31. Rf3 Rxa3 32. Rdf1 Qd4 33. Kh1 Qxe4 34. Nd1 Qe5 35. Rxa3 Qe2 36. Raf3 Qd2 37. Qg3 Rd8 38. Qf2 Qc1 39. Ne3 Qc3 40. Qg3 Qd4 41. Ng4 Nxg4 42. Rf8+ Rxf8 43. Rxf8+ Kh7 44. Rf1 Nf6 45. h3 Qe4 46. Qa3 a5 47. Qb2 b5 48. Qxb5 a4 49. Qb2 Qd3 50. Qf2 e5 51. Qe1 e4 52. Qa5 a3 53. Kg1 Qe3+ 54.
Kh1 Qd3 55. Rxf6 Kg8 56. Qd8+ Kh7 57. Rf8 Qd1+ 58. Qxd1 Kg6 59. Qa1 Kh7 60. Re8 e3 61.
Re4 e2 62. Rxe2 Kg6 63. Ra2 Kh7 64. Rxa3 h5 65. Ra7 1-0

[Event "*** SCC Grand Prix: Titled Tuesday Blitz"]
[Site "Chess.com"]
[Date "2020.06.23"]
[Round "3"]
[White "tamarozi99"]
[Black "chessmaugli"]
[Result "0-1"]
[WhiteElo "2066"]
[BlackElo "2319"]
[TimeControl "180+1"]
[EndTime "10:30:06 PDT"]
[Termination "chessmaugli won on time"]

1. e4 c5 2. Nf3 Nc6 3. d4 cxd4 4. Nxd4 Nf6 5. Nc3 e5 6. Ndb5 d6 7. Bg5 a6 8. Na3 Be6 9. Nc4 Rb8 10. a4 Nd4 11. a5 Be7 12. Be3 Rc8 13. Nb6 Rc6 14. Bxd4 exd4 15. Qxd4 O-O 16. Be2 Nd7 17. Ncd5 Nxb6 18.
Nxb6 Rxc2 19. Bd3 Bf6 20. Qe3 Rxb2 21. O-O Rxb6 22. axb6 Bxa1 23. Rxa1 Qd7 24. Rb1 Rc8 25. Qd4 Qc6 26. h3 f6 27. Kh2 Qc5 28. Qxc5 dxc5 29. Kg3 Kf7 30. Kf4 Ke7 31. g4 g5+ 32. Ke3 Kd6 33.
f4 gxf4+ 34. Kxf4 c4 35. Bc2 Kc5 36. e5 fxe5+ 37. Kxe5 Re8 38. Kf6 Bd5 39. Bxh7 c3 40. g5 Re2 41. Rc1 Kd4 42. Bf5 Rf2 43. Kg6 Ke5 44.
Bb1 Bf7+ 45. Kg7 Bd5 46. Rxc3 Rf1 47. Bd3 Rg1 48. g6 Rg3 49. Rc7 Rxd3 50. h4 Rh3 51. Re7+ Kd6 52. Re8 Rxh4 53. Kf6 Rf4+ 54. Kg5 Rf1 55.
g7 Rg1+ 56. Kh6 Kd7 57. Re5 Bf7 58. Re3 Rg4 59. Rd3+ Ke6 60. Rd8 Ke7 61. Rb8 Rg6+ 62. Kh7 Rg2 63. g8=Q Bxg8+ 0-1

[Event "*** SCC Grand Prix: Titled Tuesday Blitz"]
[Site "Chess.com"]
[Date "2020.06.23"]
[Round "3"]
[White "tapu2"]
[Black "mbachez"]
[Result "0-1"]
[WhiteElo "2604"]
[BlackElo "2422"]
[TimeControl "180+1"]
[EndTime "10:30:07 PDT"]
[Termination "mbachez won on time"]

1. c4 e5 2. g3 Nf6 3. Bg2 Bc5 4. Nc3 O-O 5. Nf3 Re8 6. O-O Bb6 7. e3 c6 8. d4 d6 9. b3 Bc7 10. h3 Nbd7 11.
e4 exd4 12. Nxd4 Nc5 13. Qc2 a5 14. Bb2 Bd7 15. Rad1 Qc8 16. Kh2 h5 17. f4 h4 18.
g4 Bxg4 19. hxg4 Nxg4+ 20. Kg1 Ne3 21. Qe2 Nxd1 22. Rxd1 Bb6 23. Kh2 Ne6 24. Nxe6 Qxe6 25. Qf3 Qh6 26. Ne2 a4 27. b4 a3 28. Bc3 Rad8 29.
Qg4 Bf2 30. Bf3 Re6 31. f5 Ree8 32. f6 g6 33. Bd2 Qh8 34. Bg5 Re5 35. Rf1 Bb6 36. Bg2 Rde8 37. Nf4 d5 38. Nxg6 Bc7 39. Bf4 fxg6 40. f7+ Kh7 41. fxe8=Q Qxe8 42. Qxh4+ Kg7 43. Bxe5+ Qxe5+ 44. Kh1 dxc4 45. Qh3 c3 46. Kg1 c2 47. Qd7+ Kh6 48. Qd2+ Kg7 49. Qxc2 Bb6+ 50. Rf2 Qb2 51. Kf1 Bxf2 52. Qxf2 Qb1+ 53. Qe1 Qxa2 54. e5 Qc4+ 55. Kg1 Qd4+ 56. Kh1 a2 57. e6 a1=Q 58. Qxa1 Qxa1+ 0-1

[Event "*** SCC Grand Prix: Titled Tuesday Blitz"]
[Site "Chess.com"]
[Date "2020.06.23"]
[Round "3"]
[White "Aleksey_Sorokin"]
[Black "Enki007"]
[Result "1/2-1/2"]
[WhiteElo "2878"]
[BlackElo "2666"]
[TimeControl "180+1"]
[EndTime "10:30:10 PDT"]
[Termination "Game drawn by repetition"]

1. d4 d5 2. c4 dxc4 3. e4 Nf6 4. e5 Nd5 5. Bxc4 Bf5 6. Qb3 c6 7. Ne2 Qb6 8. Nbc3 Qxb3 9. Bxb3 e6 10. O-O Nd7 11. Be3 Be7 12. Nxd5 exd5 13. Ng3 Be6 14. Bc2 g6 15. Bh6 f6 16. Rae1 fxe5 17. dxe5 O-O-O 18. f4 Bc5+ 19. Kh1 Rhe8 20. f5 gxf5 21. Nxf5 Bf7 22.
Bg5 Rxe5 23. Bxd8 Kxd8 24. Nh6 Bg6 25. Bxg6 Rxe1 26. Nf7+ Kc7 27. Rxe1 hxg6 28. g4 Nf6 29. h3 Ne4 30. Kg2 Bd4 31. b3 Kd7 32. h4 Bf6 33. g5 Bg7 34. Nh6 Kd6 35. Ng4 Ke6 36.
Nf2 Bc3 37. Re2 Kf5 38. Nxe4 dxe4 39. Rf2+ Kg4 40. Rf7 b6 41. Kf2 Bd4+ 42. Ke2 Kxh4 43.
Rxa7 Kxg5 44. Rd7 Bc5 45. Rc7 Kf4 46. Rxc6 g5 47. a4 Ke5 48. a5 Kd5 49. Rg6 bxa5 50. Rxg5+ Kd4 51. Rh5 Bb4 52. Rh3 Bc5 53. Rg3 Bb4 54.
Rh3 Ba3 55. Kd2 Bb4+ 56. Kc2 Bc5 57. Rh5 Bb4 58. Rh7 Ke3 59. Rf7 Ke2 60. Rf4 Ke3 61. Rg4 Kf3 62. Rh4 Ke3 63. Rh7 Kf3 64. Rf7+ Ke3 65. Rf5 Kd4 66. Rf4 Ke3 67. Rg4 Kf3 68. Rg7 Ke3 69. Rf7 Ke2 70. Rg7 Ke3 71. Rf7 1/2-1/2